 Dungeon Crawl Stone Soup version 0.23.2-40-g277498a001 (webtiles) character file.

Game seed: 16815957844927094068

34125 Descartes the Fighter (level 14, 0/115 HPs)
             Began as a Formicid Fighter on Oct 16, 2019.
             Slain by an entropy weaver (2 damage)
             ... on level 10 of the Dungeon on Oct 17, 2019.
             The game lasted 00:51:34 (17207 turns).

Descartes the Fighter (Formicid Fighter)           Turns: 17207, Time: 00:51:35

Health: 0/115      AC:  5    Str: 28    XL:     14   Next: 11%
Magic:  21/21      EV: 15    Int:  7    God:
Gold:   1187       SH: 20    Dex: 14    Spells: 13/13 levels left

rFire    . . .     SeeInvis +   b - +4 war axe (chop)
rCold    + . .     Gourm    .   c - +3 shield
rNeg     + . .     Faith    .   t - +4 troll leather armour {Snorg}
rPois    .         Spirit   .   (helmet unavailable)
rElec    .         Reflect  +   (no cloak)
rCorr    .         Harm     .   B - +0 pair of gloves
MR       ++...                  g - +0 pair of boots
Stlth    +.........             H - +4 amulet of reflection
HPRegen  0.69/turn              v - ring of positive energy
MPRegen  0.17/turn              K - ring of protection from magic

@: mighty, corroded
A: permanent stasis, dig shafts and tunnels, four strong arms, antennae 3, cold
resistance 1, MP-powered wands
a: Dig, Shaft Self


You were on level 10 of the Dungeon.
You were very hungry.

You visited 3 branches of the dungeon, and saw 16 of its levels.
You also visited: Bailey.

You collected 1187 gold pieces.

Inventory:

Hand Weapons
 a - the +9 arbalest "Uqogroatt" {venom, rF- rC+ rN+++ Dex-5}
   (You found it on level 1 of the Lair of Beasts)

   It poisons the ammo it fires.
   It affects your dexterity (-5).
   It makes you vulnerable to fire.
   It protects you from cold.
   It renders you almost immune to negative energy.
 b - a +4 war axe of chopping (weapon)
 p - a +4 morningstar
 X - a +0 battleaxe
Missiles
 k - 4 throwing nets
 o - 24 sling bullets
 q - 40 bolts
 u - 77 poisoned needles
 x - 200 stones
 z - 2 javelins
 E - 4 poisoned javelins
 Z - 5 steel javelins (quivered)
Armour
 c - a +3 shield (worn)
 g - a +0 pair of boots (worn)
 j - a +0 plate armour
 t - a +4 troll leather armour (worn) {Snorg}
 B - a +0 pair of gloves (worn)
Jewellery
 v - a ring of positive energy (left hand)
 C - a +5 ring of strength
 H - a +4 amulet of reflection (around neck)
 K - a ring of protection from magic (right hand)
 T - a cursed +1 ring of evasion
Wands
 r - a wand of disintegration (15)
 y - a wand of flame (16)
 A - a wand of paralysis (7)
 V - a wand of clouds (3)
 Y - a wand of scattershot (8)
Scrolls
 h - 2 scrolls of enchant weapon
 i - a scroll of remove curse
 l - a scroll of vulnerability {unknown}
 n - 4 scrolls of amnesia
 I - a scroll of magic mapping {unknown}
 J - 2 scrolls of fog
 L - 2 scrolls of enchant armour
 M - 3 scrolls of fear
Potions
 d - a potion of might
 s - 5 potions of brilliance
 D - 6 potions of curing
 F - a potion of ambrosia
 G - a potion of lignification
 N - 3 potions of cancellation
 W - 2 potions of flight
Miscellaneous
 e - a lamp of fire
 P - a phial of floods
 U - a lamp of fire
Comestibles
 f - 35 rations


   Skills:
 + Level 12.2 Fighting
 + Level 11.0 Axes
 - Level 12.0 Armour
 + Level 6.5 Dodging
 - Level 10.0 Shields
 - Level 10.0 Evocations


You had 13 spell levels left.
You didn't know any spells.
Your spell library contained the following spells:

 Spells                   Type           Power        Failure   Level  Hunger
 Animate Skeleton         Necr           N/A          45%         1    ##.....
 Apportation              Tloc           #.....       45%         1    ##.....
 Beastly Appendage        Tmut           #.....       45%         1    ##.....
 Confusing Touch          Hex            #.....       45%         1    ##.....
 Magic Dart               Conj           #...         45%         1    ##.....
 Shock                    Conj/Air       #...         45%         1    ##.....
 Summon Small Mammal      Summ           #...         45%         1    ##.....
 Call Imp                 Summ           #.......     58%         2    ###....
 Corpse Rot               Necr           N/A          58%         2    ###....
 Slow                     Hex            #.......     58%         2    ###....
 Sticks to Snakes         Tmut           #.......     58%         2    ###....
 Sublimation of Blood     Necr           #.........   58%         2    ###....
 Swiftness                Chrm/Air       #.......     58%         2    ###....
 Call Canine Familiar     Summ           #.......     83%         3    ####...
 Conjure Flame            Conj/Fire      #.......     83%         3    ####...
 Mephitic Cloud           Conj/Pois/Air  #.......     83%         3    ####...
 Spider Form              Tmut/Pois      #.........   83%         3    ####...
 Summon Guardian Golem    Hex/Summ       #.......     83%         3    ####...
 Teleport Other           Tloc           #.......     83%         3    ####...
 Ice Form                 Ice/Tmut       #.......     99%         4    #####..
 Summon Ice Beast         Ice/Summ       #.......     99%         4    #####..
 Summon Lightning Spire   Summ/Air       #.......     99%         4    #####..
 Agony                    Necr           #.......     100%        5    ######.
 Blade Hands              Tmut           #.........   100%        5    ######.
 Bolt of Draining         Conj/Necr      #.........   100%        5    ######.
 Dispel Undead            Necr           #.......     100%        5    ######.
 Excruciating Wounds      Chrm/Necr      #.........   100%        5    ######.
 Summon Forest            Summ/Tloc      #.........   100%        5    ######.
 Conjure Ball Lightning   Conj/Air       #.........   100%        6    #######
 Blink                    Tloc           Unusable     N/A         2    N/A

Dungeon Overview and Level Annotations

Branches:
Dungeon (13/15)            Temple (1/1) D:6            Lair (2/6) D:11
  Snake (0/4) Lair:2          Orc (0/2) D:10
  Swamp: Lair:2-4    Shoals: Lair:2-4    Vaults: D:13-14

Altars:
Ashenzari
Cheibriados
Dithmenos
Elyvilon
Fedhas
Gozag
Hepliaklqana
Kikubaaqudgha
Makhleb
Nemelex Xobeh
Okawaru
Qazlal
Ru
Sif Muna
Trog
Uskayaw
Vehumet
Wu Jian
Xom
Yredelemnul
Zin
The Shining One

Annotations:
D:10 2 transporters, Kavlax's ghost, journeyman GrFi
Lair:1 1 runed translucent door


Innate Abilities, Weirdness & Mutations

You cannot be hasted, slowed, berserked, paralysed or teleported.
You can dig through walls and to a lower floor.
Your four strong arms can wield two-handed weapons with a shield.
You have a pair of large antennae on your head. (SInv)
Your flesh is cold resistant. (rC+)
You expend magic power (3 MP) to strengthen your wands.


Message History

You closely miss the entropy weaver.
The entropy weaver is heavily wounded.
The entropy weaver hits you!
* * * LOW HITPOINT WARNING * * *
You block the entropy weaver's attack. The entropy weaver hits you!
* * * LOW HITPOINT WARNING * * *
The entropy weaver closely misses you.
You feel very mighty all of a sudden.
The entropy weaver mumbles some strange words.
The entropic weave corrodes you!
You barely miss the entropy weaver.
The entropy weaver is heavily wounded.
The entropy weaver hits you.
* * * LOW HITPOINT WARNING * * *
You block the entropy weaver's attack. The entropy weaver barely misses you.
You block the entropy weaver's attack.
You slice the entropy weaver!!
The entropy weaver is almost dead.
You block the entropy weaver's attack. The entropy weaver hits you.
You die...

#####
############.#a##
#.÷.....a.t.#.#@#
#.#########.#####
#. { #.# #. #.#
#÷ { #.# #a #.#
#. { {#.# ## #. {
#.# #. { #.# #.


You could see an entropy weaver.

Vanquished Creatures
  Gastronok (Lair:2)
  Kirke (D:12)
  Snorg (D:12)
  3 hydras
  Harold (Lair:1)
  Erolcha (D:10)
  3 two-headed ogres
  A deep elf knight (Bailey)
  4 skeletal warriors
  2 fire crabs (D:10)
  A lindwurm (Lair:1)
  9 deep elf magi (Bailey)
  An ugly thing (D:12)
  A black mamba (Lair:1)
  A spiny frog (Lair:2)
  A gargoyle (D:12)
  A komodo dragon (Lair:2)
  A freezing wraith (D:12)
  A troll (D:12)
  6 hippogriffs
  5 blink frogs (Lair:2)
  Sigmund (D:4)
  A spriggan (D:7)
  A wyvern (Lair:2)
  14 yaks
  A human (D:12)
  A basilisk (D:11)
  2 hogs (D:12)
  3 hungry ghosts
  Menkaure (D:5)
  5 water moccasins
  3 hell hounds (D:11)
  7 porcupines
  5 orc warriors
  3 ice beasts
  3 sky beasts
  2 eyes of draining
  7 black bears
  A wolf (D:10)
  2 necrophages
  5 ogres
  2 centaurs
  5 crocodiles
  3 big kobolds
  7 bullfrogs
  Blork the orc (D:4)
  A gnoll sergeant (D:9)
  A water moccasin zombie (D:6)
  A water moccasin skeleton (D:10)
  4 scorpions
  4 killer bees (D:12)
  4 howler monkeys
  7 wights
  4 crimson imps
  A bullfrog zombie (D:9)
  5 centaur zombies
  6 hounds
  5 jellies
  2 quasits
  A centaur skeleton (D:7)
  12 orc priests
  2 bullfrog skeletons (D:6)
  12 orc wizards
  3 iguanas
  12 worker ants
  A killer bee zombie (D:6)
  2 hound skeletons
  A worker ant zombie (D:6)
  7 gnolls
  9 adders
  4 shadow imps
  An ooze (D:2)
  2 adder skeletons (D:5)
  2 adder zombies (D:9)
  3 worms (D:3)
  2 dart slugs
  9 leopard geckos
  47 orcs
  4 ball pythons
  6 giant cockroaches
  5 goblins
  9 hobgoblins
  20 jackals
  28 kobolds
  6 quokkas
  9 bats
  5 frilled lizards
  A leopard gecko skeleton (D:3)
  2 quokka skeletons
  6 rats
  A fungus (Lair:1)
  A plant (D:11)
412 creatures vanquished.

Vanquished Creatures (collateral kills)
  Psyche (D:9)
1 creature vanquished.

Vanquished Creatures (others)
  A cyclops (D:9)
  An orc (D:9)
  A fungus (Lair:2)
  9 toadstools (Lair:1)
12 creatures vanquished.

Grand Total: 425 creatures vanquished

Notes
Turn   | Place    | Note
-------+----------+-------------------------------------------
     0 | D:1      | Descartes the Formicid Fighter began the quest for the Orb.
     0 | D:1      | Reached XP level 1. HP: 18/18 MP: 1/1
   312 | D:1      | Reached XP level 2. HP: 12/24 MP: 2/2
   531 | D:1      | Reached XP level 3. HP: 28/29 MP: 3/3
  1187 | D:2      | Reached XP level 4. HP: 37/37 MP: 4/4
  1724 | D:2      | Found a white marble altar of Elyvilon.
  1943 | D:2      | Reached XP level 5. HP: 41/42 MP: 5/5
  2052 | D:3      | Noticed an ogre
  2177 | D:3      | Found a sparkling altar of Nemelex Xobeh.
  2347 | D:3      | Found an ancient bone altar of Kikubaaqudgha.
  2451 | D:3      | Reached XP level 6. HP: 49/49 MP: 6/6
  2591 | D:3      | Reached skill level 5 in Shields
  2717 | D:3      | Killed an ogre
  2819 | D:4      | Noticed Blork the orc
  2825 | D:4      | Killed Blork the orc
  2825 | D:4      | Reached XP level 7. HP: 55/55 MP: 7/7
  3053 | D:4      | Found a glowing silver altar of Zin.
  3130 | D:4      | Reached skill level 5 in Fighting
  3238 | D:4      | Noticed Sigmund
  3247 | D:4      | Killed Sigmund
  3247 | D:4      | Reached skill level 5 in Armour
  3657 | D:5      | Entered Level 5 of the Dungeon
  3680 | D:5      | Reached XP level 8. HP: 63/63 MP: 8/8
  3851 | D:5      | Found a blossoming altar of Fedhas.
  3958 | D:5      | Noticed Menkaure
  3985 | D:5      | Killed Menkaure
  4187 | D:5      | Found an ornate altar of the Wu Jian Council.
  4189 | D:5      | Found a radiant altar of Vehumet.
  4192 | D:5      | Found a glowing golden altar of the Shining One.
  4605 | D:5      | Found a shimmering altar of Xom.
  4646 | D:6      | Reached skill level 5 in Axes
  4706 | D:6      | Found a staircase to the Ecumenical Temple.
  4732 | D:6      | Reached XP level 9. HP: 62/70 MP: 9/9
  4742 | Temple   | Entered the Ecumenical Temple
  4999 | D:6      | Found a stormy altar of Qazlal.
  6771 | D:7      | Reached skill level 10 in Shields
  6771 | D:7      | Reached skill level 1 in Evocations
  6771 | D:7      | Reached XP level 10. HP: 65/79 MP: 10/10
  7321 | D:8      | Noticed a two-headed ogre
  7463 | D:7      | Killed a two-headed ogre
  7874 | D:8      | Found a hide-covered altar of Uskayaw.
  7875 | D:8      | Noticed a +0 hand axe
  7876 | D:8      | Noticed a +0 dagger
  8335 | D:8      | Gained mutation: Your muscles are strong. (Str +2) [potion
                  | of mutation]
  8335 | D:8      | Gained mutation: You are somewhat resistant to further
                  | mutation. [potion of mutation]
  8336 | D:8      | Lost mutation: Your muscles are strong. (Str +2) [potion of
                  | mutation]
  8336 | D:8      | Lost mutation: You are somewhat resistant to further
                  | mutation. [potion of mutation]
  8336 | D:8      | Gained mutation: Your flesh is cold resistant. (rC+)
                  | [potion of mutation]
  8336 | D:8      | Gained mutation: You expend magic power (3 MP) to
                  | strengthen your wands. [potion of mutation]
  8570 | D:9      | Found an iron altar of Okawaru.
  8639 | D:9      | Found a flagged portal.
  8663 | Bailey   | Entered a bailey
  8669 | Bailey   | Noticed a deep elf mage
  8680 | Bailey   | Killed a deep elf mage
  8725 | Bailey   | Noticed a deep elf mage
  8726 | Bailey   | Noticed a deep elf mage
  8726 | Bailey   | Noticed a deep elf mage
  8726 | Bailey   | Noticed a deep elf mage
  8726 | Bailey   | Noticed a deep elf mage
  8729 | Bailey   | Noticed a deep elf mage
  8730 | Bailey   | Killed a deep elf mage
  8730 | Bailey   | Reached skill level 5 in Evocations
  8730 | Bailey   | Reached XP level 11. HP: 76/87 MP: 14/14
  8733 | Bailey   | Killed a deep elf mage
  8734 | Bailey   | Killed a deep elf mage
  8740 | Bailey   | Killed a deep elf mage
  8740 | Bailey   | Killed a deep elf mage
  8750 | Bailey   | Killed a deep elf mage
  8911 | Bailey   | Noticed a deep elf knight
  8921 | Bailey   | Killed a deep elf knight
  9188 | Bailey   | Identified Dijudghu's Collected Works on the Aerial Voyage
  9253 | Bailey   | Noticed a deep elf mage
  9253 | Bailey   | Noticed a deep elf mage
  9264 | Bailey   | Killed a deep elf mage
  9265 | Bailey   | Killed a deep elf mage
  9691 | D:9      | Reached skill level 1 in Dodging
  9742 | D:9      | Found a bloodstained altar of Trog.
  9830 | D:9      | Noticed Psyche
  9838 | D:9      | Killed Psyche
 10004 | D:9      | You fall through a shaft!
 10004 | D:10     | Entered Level 10 of the Dungeon
 10164 | D:10     | Noticed Erolcha
 10183 | D:10     | Killed Erolcha
 10183 | D:10     | Reached skill level 10 in Fighting
 10292 | D:10     | Reached skill level 10 in Armour
 10292 | D:10     | Reached XP level 12. HP: 95/97 MP: 17/17
 10363 | D:10     | Found a staircase to the Orcish Mines.
 10375 | D:10     | Noticed a skeletal warrior
 10377 | D:10     | Found a transporter.
 10392 | D:10     | Found a transporter.
 10393 | D:10     | Noticed Kavlax's ghost (journeyman GrFi)
 10578 | D:10     | Found a runed translucent door.
 10584 | D:10     | Noticed a fire crab
 10819 | D:11     | Noticed a two-headed ogre
 10833 | D:11     | Killed a two-headed ogre
 10977 | D:11     | Noticed a four-headed hydra
 10979 | D:11     | Found a staircase to the Lair.
 11000 | D:11     | Killed a five-headed hydra
 11416 | D:11     | Noticed a two-headed ogre
 11424 | D:11     | Killed a two-headed ogre
 11741 | D:11     | Noticed a hell knight
 11743 | D:11     | Noticed a hell knight
 11748 | D:11     | Noticed a hell knight
 11749 | D:11     | Noticed a hell knight
 11751 | D:11     | Noticed a hell knight
 11764 | D:11     | Noticed a hell knight
 12272 | D:12     | Noticed Snorg
 12290 | D:12     | HP: 2/99 [Snorg (4)]
 12675 | D:12     | Killed Snorg
 12918 | D:12     | Noticed a skeletal warrior
 12941 | D:12     | Killed a skeletal warrior
 12944 | D:12     | Noticed a skeletal warrior
 12947 | D:12     | Noticed a skeletal warrior
 12954 | D:12     | Noticed a skeletal warrior
 13001 | D:11     | Killed a skeletal warrior
 13188 | D:12     | Reached XP level 13. HP: 99/106 MP: 19/19
 13402 | D:12     | Reached skill level 10 in Axes
 14140 | D:12     | Noticed Kirke
 14162 | D:12     | Killed Kirke
 14162 | D:12     | Reached skill level 5 in Dodging
 14699 | Lair:1   | Entered Level 1 of the Lair of Beasts
 14834 | Lair:1   | Noticed Harold
 14843 | Lair:1   | Killed Harold
 14930 | Lair:1   | Got an iridescent arbalest
 14931 | Lair:1   | Identified the +9 arbalest "Uqogroatt" {venom, rF- rC+
                  | rN+++ Dex-5} (You found it on level 1 of the Lair of
                  | Beasts)
 15163 | Lair:1   | Noticed a catoblepas
 15163 | Lair:1   | Noticed a dire elephant
 15186 | Lair:1   | Found a runed translucent door.
 15566 | Lair:2   | Noticed a five-headed hydra
 15573 | Lair:2   | Killed a five-headed hydra
 15652 | Lair:2   | Noticed Gastronok
 15673 | Lair:2   | Killed Gastronok
 15944 | Lair:2   | Found a staircase to the Snake Pit.
 16276 | Lair:2   | Noticed a five-headed hydra
 16292 | Lair:2   | Killed a five-headed hydra
 16292 | Lair:2   | Reached XP level 14. HP: 94/115 MP: 21/21
 16693 | D:9      | Reached skill level 10 in Evocations
 17174 | D:10     | Noticed an entropy weaver
 17204 | D:10     | HP: 2/115 [entropy weaver (7)]
 17207 | D:10     | Slain by an entropy weaver

Skill      XL: |  1  2  3  4  5  6  7  8  9 10 11 12 13 14 |
---------------+-------------------------------------------+-----
Shields        | 4 5 6 8 10 | 10.0
Fighting       | 4 5 6 7 8 10 11 12 | 12.2
Armour         | 4 5 6 7 8 10 11 12 | 12.0
Axes           | 3 4 5 6 7 8 9 10 11 | 11.0
Evocations     | 1 5 7 8 9 10 | 10.0
Dodging        | 2 4 6 |  6.5

Action                   |  1- 3 |  4- 6 |  7- 9 | 10-12 | 13-15 || total
-------------------------+-------+-------+-------+-------+-------++-------
Melee: War axe           |   137 |   131 |   261 |   526 |   283 ||  1338
       Morningstar       |       |       |       |    16 |    12 ||    28
 Fire: Arbalest          |       |       |       |       |    19 ||    19
 Abil: Dig               |       |     2 |     3 |     2 |     2 ||     9
Evoke: Wand              |       |       |       |    10 |       ||    10
       Phial of floods   |       |       |       |     2 |       ||     2
  Use: Potion            |       |       |     1 |     5 |     1 ||     7
       Scroll            |       |       |       |     6 |    15 ||    21
  Eat: Chunk             |     1 |     2 |    14 |    25 |    13 ||    55
       Ration            |       |     1 |       |       |       ||     1
Armor: Chain mail        |    39 |       |       |       |       ||    39
       Plate armour      |    54 |    78 |   138 |   213 |    36 ||   519
       Troll leather arm |       |       |       |       |    39 ||    39
Dodge: Dodged            |    46 |    32 |    51 |   137 |    86 ||   352
Block: Shield            |    91 |    87 |   175 |   464 |   291 ||  1108
       Reflection        |       |       |       |    11 |     9 ||    20
